 Dungeon Crawl Stone Soup version 0.20-a0-1058-g0491fde (webtiles) character file.

2473 theAP the Basher (level 9, -6/60 HPs)
             Began as a Gargoyle Fighter on Apr 26, 2017.
             Was an Initiate of Okawaru.
             Mangled by a two-headed ogre
             ... wielding a +0 giant club
              (22 damage)
             ... on level 7 of the Dungeon.
             The game lasted 00:13:11 (7019 turns).

theAP the Basher (Gargoyle Fighter)                 Turns: 7019, Time: 00:13:12

Health: -6/60      AC: 13    Str: 23    XL:     9   Next: 51%
Magic:  9/9        EV:  7    Int:  9    God:    Okawaru [......]
Gold:   376        SH: 10    Dex:  9    Spells: 8/8 levels left

rFire    . . .     SeeInvis .   a - +0 flail
rCold    . . .     Gourm    .   c - +1 shield
rNeg     + . .     Faith    .   b - +0 scale mail
rPois    ∞         Spirit   .   (no helmet)
rElec    +         Reflect  .   p - +0 cloak
rCorr    +         Harm     .   (no gloves)
MR       +....                  (no boots)
Stlth    ..........             (no amulet)
Regen    0.2/turn               o - ring of resist corrosion
MPRegen  0.2/turn               (no ring)

@: no status effects
A: magic resistance 1, negative energy resistance 1, sense surroundings 1,
electricity resistance, unbreathing, petrification resistance, rot immunity, AC
+5
a: Renounce Religion


You were on level 7 of the Dungeon.
You worshipped Okawaru.
Okawaru was noncommittal.
You were not hungry.

You visited 2 branches of the dungeon, and saw 8 of its levels.
You also visited: Sewer.

You collected 376 gold pieces.

Inventory:

Hand Weapons
 a - a +0 flail (weapon)
Armour
 b - a +0 scale mail (worn)
 c - a +1 shield (worn)
 p - a +0 cloak (worn)
Jewellery
 o - a ring of resist corrosion (left hand)
Wands
 t - a wand of acid (15/15)
 w - a wand of random effects (3/48)
 y - a wand of iceblast (8/15)
 C - a wand of polymorph (13/24)
Scrolls
 e - 4 scrolls of amnesia
 h - 3 scrolls of recharging
 j - a scroll of remove curse
 n - a scroll of enchant armour
 q - a scroll of fog
 s - 5 scrolls of teleportation
 z - a scroll of blinking
 B - a scroll of enchant weapon {unknown}
Potions
 d - a potion of might
 g - 10 potions of curing
 i - 3 potions of invisibility
 k - a potion of haste
 m - a potion of berserk rage
 r - 2 potions of magic
 v - 2 potions of heal wounds
 x - a potion of agility
Books
 u - a book of Callings

   Spells                             Type                      Level
   a - Summon Small Mammal            Summoning                    1
   b - Call Imp                       Summoning                    2
   c - Call Canine Familiar           Summoning                    3
   d - Summon Guardian Golem          Hexes/Summoning              3
   e - Summon Lightning Spire         Summoning/Air                4
   f - Summon Ice Beast               Ice/Summoning                4
 A - a book of Cantrips

   Spells                             Type                      Level
   a - Confusing Touch                Hexes                        1
   b - Animate Skeleton               Necromancy                   1
   c - Summon Small Mammal            Summoning                    1
   d - Apportation                    Translocation                1
Comestibles
 f - 6 bread rations
 l - 3 meat rations


   Skills:
 + Level 8.5 Fighting
 * Level 10.4 Maces & Flails
 - Level 3.2 Armour
 - Level 3.2 Shields


You had 8 spell levels left.
You didn't know any spells.

Dungeon Overview and Level Annotations

Branches:
Dungeon (7/15)             Temple (1/1) D:7

Altars:
Ashenzari
Cheibriados
Dithmenos
Elyvilon
Fedhas
Gozag
Kikubaaqudgha
Makhleb
Nemelex Xobeh
Okawaru
Qazlal
Ru
Sif Muna
Trog
Uskayaw
Vehumet
Wu Jian
Yredelemnul
Zin
The Shining One

Shops:
D:5 :

Annotations:
D:7 Joseph, Prince Ribbit


Innate Abilities, Weirdness & Mutations

You are resistant to torment.
Your stone body is resilient. (AC +5)
You are immune to poison.
You resist negative energy. (rN+)
You are resistant to electric shocks. (rElec)
You can survive without breathing.
You are immune to petrification.
You are immune to rotting.
You are resistant to hostile enchantments. (MR+)
You passively map a small area around you.


Message History

You eat one of the 6 chunks of flesh.
This raw flesh tastes terrible.
HP restored.
You now have 376 gold pieces (gained 20).
There is a large open door here.
Found an escape hatch in the floor.
All of the chunks of flesh in your inventory have rotted away.
A two-headed ogre comes into view. It is wielding two giant clubs.
The two-headed ogre shouts in stereo!
The two-headed ogre hits you with a giant club!!
The two-headed ogre hits you with a giant club.
You hit the two-headed ogre but do no damage.
You barely miss the two-headed ogre.
The two-headed ogre hits you with a giant club!
* * * LOW HITPOINT WARNING * * *
You block the two-headed ogre's attack.
You are too injured to fight recklessly!
You hit the two-headed ogre.
The two-headed ogre is lightly wounded.
The two-headed ogre hits you with a giant club!!
You die...

###......#.....#
#....#.........## ##
#.####.##.......# *.##
###....####.....#### #.#
##.....## ##.......###..
#.......## ##..##.......
##........# ##.####.....
#.........## ### ###...
#.......@.)# ###.
#.......O..# ##
#...........#
#.......[...# #########
#...........# ##........
##..........#
##.........
#.........####.........(
#........## #...........
##.......# ##...........


You could see a two-headed ogre.

Vanquished Creatures
  A wind drake (shapeshifter) (D:6)
  Grinder (D:3)
  An ice beast (D:5)
  An orc warrior (D:6)
  4 sky beasts
  A black bear (D:6)
  A phantom (D:7)
  2 ogres
  2 big kobolds (Sewer)
  3 bullfrogs
  A water moccasin zombie (D:6)
  A scorpion (D:6)
  A howler monkey (D:7)
  A bullfrog zombie (D:7)
  3 crimson imps (D:7)
  Crazy Yiuf (D:2)
  2 orc wizards
  An iguana (D:7)
  Terence (D:3)
  6 worker ants
  A hound zombie (D:6)
  A hound skeleton (D:4)
  4 river rats (Sewer)
  12 adders
  A shadow imp (D:5)
  2 oozes
  2 worms
  A dart slug (D:1)
  5 leopard geckos
  10 orcs
  8 ball pythons
  6 bats
  6 giant cockroaches
  5 goblins
  5 hobgoblins
  4 jackals (D:2)
  3 quokkas
  3 frilled lizards
  21 kobolds
  22 rats
157 creatures vanquished.

Notes
Turn   | Place    | Note
-------+----------+-------------------------------------------
     0 | D:1      | theAP the Gargoyle Fighter began the quest for the Orb.
     0 | D:1      | Reached XP level 1. HP: 14/14 MP: 1/1
    78 | D:1      | Reached XP level 2. HP: 15/19 MP: 2/2
   370 | D:1      | Reached XP level 3. HP: 21/24 MP: 3/3
   564 | D:2      | Reached skill level 3 in Maces & Flails
   701 | D:2      | Found a snail-covered altar of Cheibriados.
   714 | D:2      | Reached XP level 4. HP: 29/29 MP: 4/4
   738 | D:2      | Found a sacrificial altar of Ru.
   953 | D:2      | Found a runed door.
  1200 | D:2      | Noticed Crazy Yiuf
  1206 | D:2      | Killed Crazy Yiuf
  1337 | D:3      | Found an iron altar of Okawaru.
  1359 | D:3      | Noticed Terence
  1376 | D:3      | Killed Terence
  1376 | D:3      | Reached skill level 4 in Maces & Flails
  1376 | D:3      | Reached XP level 5. HP: 27/34 MP: 5/5
  1581 | D:3      | Noticed Grinder
  1585 | D:3      | Paralysed by Grinder for 3 turns
  1590 | D:3      | Paralysed by Grinder for 3 turns
  1610 | D:3      | Paralysed by Grinder for 6 turns
  1625 | D:3      | Killed Grinder
  1625 | D:3      | Reached skill level 5 in Fighting
  1625 | D:3      | Reached skill level 5 in Maces & Flails
  1625 | D:3      | Reached XP level 6. HP: 8/40 MP: 6/6
  1889 | D:3      | Found a shattered altar of Ashenzari.
  2102 | D:4      | Found a glowing drain.
  2112 | Sewer    | Entered a sewer
  2162 | Sewer    | Reached XP level 7. HP: 35/44 MP: 7/7
  2278 | Sewer    | Reached skill level 6 in Maces & Flails
  3258 | D:5      | Entered Level 5 of the Dungeon
  3343 | D:5      | Found a glowing silver altar of Zin.
  3370 | D:5      | Found a sacrificial altar of Ru.
  3372 | D:5      | Found a basalt altar of Yredelemnul.
  3749 | D:5      | Reached skill level 7 in Maces & Flails
  3827 | D:5      | Found Naujuik's Book Boutique.
  3910 | D:5      | Reached XP level 8. HP: 52/52 MP: 8/8
  4435 | D:6      | Reached skill level 8 in Maces & Flails
  4837 | D:6      | Noticed a wind drake
  4859 | D:6      | Killed a wind drake
  4859 | D:6      | Reached skill level 9 in Maces & Flails
  4862 | D:6      | Gained mutation: You passively map a small area around you. [mutagenic meat]
  4863 | D:6      | Gained mutation: You are resistant to hostile enchantments. (MR+) [mutagenic meat]
  5045 | D:6      | Reached XP level 9. HP: 35/58 MP: 9/9
  5320 | D:7      | Noticed Prince Ribbit
  5684 | D:7      | Reached skill level 10 in Maces & Flails
  5846 | D:7      | Found a staircase to the Ecumenical Temple.
  5853 | Temple   | Entered the Ecumenical Temple
  6095 | Temple   | Became a worshipper of Warmaster Okawaru
  6181 | D:7      | HP: 1/59 [Prince Ribbit (8)]
  6599 | D:7      | Found a sparkling altar of Nemelex Xobeh.
  6950 | D:7      | Noticed Joseph
  7013 | D:7      | Noticed a two-headed ogre
  7019 | D:7      | Mangled by a two-headed ogre

Vault maps used:
D:1:      kennysheep_arrival_seaside, minmay_misc_feat_encased,
          minmay_misc_feat_doors
D:2:      cheibriados_altar_1, first_bread, nicolae_ru_awakened_eye,
          uniq_crazy_yiuf_cottage
D:3:      marbit_many_paths, kennysheep_okawaru_gauntlet, uniq_terence,
          uniq_grinder
D:4:      portal_sewer_entry_b
D:5:      zin_academy, chequers_temple_overflow_statue_of_worship, serial_shops,
          kennysheep_mini, minmay_misc_feat_x
D:6:      minmay_three_doors
D:7:      nemelex_xobeh_ov_fountains_minmay, minmay_temple_entry_hall,
          kennysheep_opposing_triangles, uniq_joseph, uniq_prince_ribbit1
Temple:   eino_temple_water
Sewer:    sewer_minmay_treatment

Skill      XL: |  1  2  3  4  5  6  7  8  9 |
---------------+----------------------------+-----
Maces & Flails | 3 4 5 7 9 10 | 10.4
Fighting       | 4 5 6 7 8 |  8.5
Armour         | |  3.2
Shields        | |  3.2

Action                   |  1- 3 |  4- 6 |  7- 9 || total
-------------------------+-------+-------+-------++-------
Melee: Flail             |   123 |   144 |   590 ||   857
  Use: Scroll            |       |       |    16 ||    16
       Potion            |       |       |     6 ||     6
  Eat: Chunk             |       |     4 |    13 ||    17
       Fruit             |       |       |     2 ||     2
       Meat ration       |       |       |     1 ||     1
Armor: Scale mail        |    77 |    97 |   304 ||   478
Dodge: Dodged            |    47 |    54 |   143 ||   244
Block: Shield            |    89 |    90 |   293 ||   472
